 Dungeon Sprint DCSS version 0.20.1-1-g8b1a95d (webtiles) character file.

7438 Fang the Severer (level 11, -3/114 HPs)
             Began as a Gargoyle Berserker on Oct 22, 2018.
             Was the Champion of Trog.
             Killed from afar by an ice dragon (49 damage)
             ... with a blast of cold
             ... in the Dungeon (Sprint VII: "The Pits").
             The game lasted 00:05:16 (1813 turns).

Fang the Severer (Gargoyle Berserker)               Turns: 1813, Time: 00:05:16

Health: -3/114     AC: 27    Str: 31    XL:     11   Next: 15%
Magic:  11/11      EV: 11    Int: 12    God:    Trog [******]
Gold:   0          SH:  0    Dex:  9    Spells: 10/10 levels left

rFire    . . .     SeeInvis .   b - +2 war axe (chop)
rCold    . . .     Gourm    .   (no shield)
rNeg     + . .     Faith    .   u - +3 plate armour
rPois    ∞         Spirit   .   j - +0 helmet
rElec    +         Reflect  .   (no cloak)
rCorr    .         Harm     .   (no gloves)
MR       .....     NoTele   +   (no boots)
Stlth    ..........             (no amulet)
Regen    0.3/turn               r - +3 ring of strength
MPRegen  0.2/turn               s - +3 ring of intelligence

@: berserking, very quick
A: negative energy resistance 1, electricity resistance, unbreathing,
petrification resistance, rot immunity, AC +7
a: Berserk, Trog's Hand, Brothers in Arms, Burn Spellbooks, Renounce Religion


You were in the Dungeon.
You worshipped Trog.
Trog was exalted by your worship.
You were near starving.

You visited 1 branch

Inventory:

Hand Weapons
 b - a +2 war axe of chopping (weapon)
 o - a +5 antimagic broad axe
 p - a +1 antimagic executioner's axe
Armour
 j - a +0 helmet (worn)
 u - a +3 plate armour (worn)
Jewellery
 r - a +3 ring of strength (left hand)
 s - a +3 ring of intelligence (right hand)
Scrolls
 i - a scroll of blinking
 k - 3 scrolls of remove curse
 l - a scroll of summoning
Potions
 a - 2 potions of invisibility
 d - 12 potions of curing
 e - 10 potions of heal wounds
 f - 2 potions of haste
 g - 4 potions of magic
 h - 3 potions of berserk rage
 t - a potion of might
Comestibles
 c - 7 bread rations
 m - 40 fruits
 n - 7 meat rations


   Skills:
 + Level 12.6 Fighting
 + Level 16.8 Axes
 + Level 13.0 Armour
 + Level 7.0 Dodging
 + Level 3.5 Stealth


You had 10 spell levels left.
You didn't know any spells.

Dungeon Overview and Level Annotations

Branches:
Dungeon (1/1)

Altars:
Ashenzari
Cheibriados
Dithmenos
Elyvilon
Fedhas
Gozag
Hepliaklqana
Kikubaaqudgha
Makhleb
Nemelex Xobeh
Okawaru
Qazlal
Ru
Sif Muna
Trog
Uskayaw
Vehumet
Xom
Yredelemnul
Zin
The Shining One
Beogh
Jiyva
Lugonu


Innate Abilities, Weirdness & Mutations

You are resistant to torment.
Your stone body is resilient. (AC +7)
You are immune to poison.
You resist negative energy. (rN+)
You are resistant to electric shocks. (rElec)
You can survive without breathing.
You are immune to petrification.
You are immune to rotting.


Message History

You barely miss the sun demon. The sun demon hits you!
You are engulfed in flames!!
You are too injured to fight recklessly!
You are too injured to fight recklessly!
A red film seems to cover your vision as you go berserk!
You feel yourself moving faster!
You feel mighty!
You are near starving!
The sun demon hits you but does no damage.
You slice the sun demon!!
The sun demon is heavily wounded.
The sun demon closely misses you.
You slice the sun demon!!
You kill the sun demon!
Trog accepts your kill.
Your Armour skill increases to level 13!
You hit the ice dragon but do no damage.
You hit the ice dragon but do no damage.
The ice dragon breathes frost at you. The blast of cold hits you!
You die...

..)......# #.......#
.))......+ #.......#
)#####...#####+##.......
)))..#..)..............
)#)).#........##+##...
.#...#÷#####..#...#..#
.#####÷[...#..#...#))#
.......#...'..##D##).+
.......#...#....@.÷.(####+#
'###...#...#................
...'...#'###...####+##......
...#....).([...# ......
...#...........+ .....
################ #####


You could see an ice dragon.

Vanquished Creatures
  Harold (D)
  A death yak (D)
  A sun demon (D)
  A sea snake (D)
  A deep troll (D)
  A lindwurm (D)
  A deep elf mage (D)
  A gargoyle (D)
  A komodo dragon (D)
  A polar bear (D)
  A redback (D)
  A wraith (D)
  An acid dragon (D)
  2 floating eyes (D)
  Duvessa (D)
  3 orc warriors (D)
  An eye of draining (D)
  A necrophage (D)
  3 wolves (D)
  An ogre (D)
  2 centaurs (D)
  A gnoll sergeant (D)
  Dowan (D)
  A scorpion (D)
  4 wights (D)
  A gnoll shaman (D)
  A hell rat (D)
  A mummy (D)
  6 gnolls (D)
  An adder (D)
  2 river rats (D)
  2 ufetubi (D)
  2 adder zombies (D)
  3 orcs (D)
  A bat zombie (D)
  A hobgoblin (D)
  4 jackals (D)
  3 ball pythons (D)
  A bat (D)
  A kobold (D)
  A rat (D)
65 creatures vanquished.

Vanquished Creatures (collateral kills)
  An orc knight (D)
  A deep elf mage (D)
  A molten gargoyle (D)
  A wight (D)
  2 orcs (D)
6 creatures vanquished.

Grand Total: 71 creatures vanquished

Notes
Turn   | Place    | Note
-------+----------+-------------------------------------------
     0 | D        | Fang the Gargoyle Berserker began the quest for the Orb.
     0 | D        | Reached XP level 1. HP: 14/14 MP: 1/1
    18 | D        | Found a bloodstained altar of Trog.
    18 | D        | Found a deep blue altar of Sif Muna.
    18 | D        | Found a viscous altar of Jiyva.
    18 | D        | Found a hazy altar of Hepliaklqana.
    18 | D        | Found an opulent altar of Gozag.
    19 | D        | Found a glowing golden altar of the Shining One.
    19 | D        | Found a glowing silver altar of Zin.
    19 | D        | Found a basalt altar of Yredelemnul.
    19 | D        | Found a shimmering altar of Xom.
    19 | D        | Found a sacrificial altar of Ru.
    19 | D        | Found a stormy altar of Qazlal.
    19 | D        | Found an iron altar of Okawaru.
    19 | D        | Found a sparkling altar of Nemelex Xobeh.
    19 | D        | Found a burning altar of Makhleb.
    19 | D        | Found a blossoming altar of Fedhas.
    19 | D        | Found a white marble altar of Elyvilon.
    19 | D        | Found a shadowy altar of Dithmenos.
    19 | D        | Found a snail-covered altar of Cheibriados.
    28 | D        | Found a corrupted altar of Lugonu.
    28 | D        | Found a radiant altar of Vehumet.
    28 | D        | Found a roughly hewn altar of Beogh.
    71 | D        | Reached skill level 3 in Axes
    72 | D        | Reached ** piety under Trog
    79 | D        | Reached XP level 2. HP: 13/20 MP: 2/2
   195 | D        | Reached *** piety under Trog
   195 | D        | Reached skill level 4 in Axes
   202 | D        | Noticed a scorpion
   207 | D        | Reached **** piety under Trog
   212 | D        | Killed a scorpion
   212 | D        | Reached skill level 5 in Fighting
   212 | D        | Reached skill level 5 in Axes
   212 | D        | Reached XP level 3. HP: 15/26 MP: 3/3
   212 | D        | Reached XP level 4. HP: 17/31 MP: 4/4
   374 | D        | Noticed a floating eye
   374 | D        | Noticed a floating eye
   374 | D        | Noticed a gnoll sergeant
   377 | D        | Paralysed by a floating eye for 2 turns
   386 | D        | Paralysed by a floating eye for 3 turns
   392 | D        | Killed a floating eye
   392 | D        | Reached skill level 7 in Axes
   392 | D        | Reached XP level 5. HP: 37/37 MP: 5/5
   395 | D        | Reached ***** piety under Trog
   395 | D        | Reached skill level 8 in Axes
   395 | D        | Reached skill level 5 in Armour
   395 | D        | Reached XP level 6. HP: 44/44 MP: 6/6
   397 | D        | Killed a floating eye
   397 | D        | Received a gift from Trog
   397 | D        | Reached skill level 9 in Axes
   495 | D        | Reached skill level 1 in Stealth
   498 | D        | Noticed an eye of draining
   506 | D        | Killed an eye of draining
   506 | D        | Reached skill level 10 in Axes
   506 | D        | Reached XP level 7. HP: 50/50 MP: 0/7
   515 | D        | Reached skill level 5 in Dodging
   571 | D        | Noticed a death yak
   579 | D        | Reached ****** piety under Trog
   579 | D        | Reached skill level 11 in Axes
   592 | D        | Killed a death yak
   592 | D        | Reached skill level 12 in Axes
   592 | D        | Reached XP level 8. HP: 53/57 MP: 8/8
   790 | D        | Found a hide-covered altar of Uskayaw.
   790 | D        | Found an ancient bone altar of Kikubaaqudgha.
   790 | D        | Found a shattered altar of Ashenzari.
   901 | D        | Noticed an orc knight
   902 | D        | Noticed a molten gargoyle
   902 | D        | Noticed Dowan
   904 | D        | Noticed Duvessa
   906 | D        | Killed a molten gargoyle
   909 | D        | Received a gift from Trog
   910 | D        | Killed Dowan
   911 | D        | Killed Duvessa
   911 | D        | Reached skill level 10 in Fighting
   915 | D        | Received a gift from Trog
   915 | D        | Reached XP level 9. HP: 62/62 MP: 9/9
   916 | D        | Killed an orc knight
   916 | D        | Reached skill level 13 in Axes
   917 | D        | Noticed a deep elf mage
   920 | D        | Killed a deep elf mage
   929 | D        | Reached skill level 14 in Axes
   934 | D        | Received a gift from Trog
  1090 | D        | Noticed a gargoyle
  1098 | D        | Killed a gargoyle
  1118 | D        | Noticed a polar bear
  1129 | D        | Killed a polar bear
  1129 | D        | Reached skill level 10 in Armour
  1129 | D        | Received a gift from Trog
  1129 | D        | Reached XP level 10. HP: 44/70 MP: 10/10
  1267 | D        | Noticed a lindwurm
  1288 | D        | Killed a lindwurm
  1288 | D        | Reached skill level 15 in Axes
  1534 | D        | Noticed a deep troll
  1536 | D        | Noticed Harold
  1546 | D        | Killed a deep troll
  1546 | D        | Received a gift from Trog
  1556 | D        | Killed Harold
  1556 | D        | Reached skill level 16 in Axes
  1744 | D        | Noticed a sea snake
  1745 | D        | Noticed a deep elf mage
  1752 | D        | Noticed a sixfirhy
  1752 | D        | Received a gift from Trog
  1761 | D        | Killed a sea snake
  1762 | D        | Reached XP level 11. HP: 76/76 MP: 11/11
  1763 | D        | Killed a deep elf mage
  1801 | D        | Noticed an ice dragon
  1801 | D        | Noticed a sun demon
  1811 | D        | Killed a sun demon
  1813 | D        | Killed from afar by an ice dragon

Skill      XL: |  1  2  3  4  5  6  7  8  9 10 11 |
---------------+----------------------------------+-----
Axes           | 3 5 7 8 10 12 14 16 | 16.8
Fighting       | 4 5 6 7 8 9 10 11 12 | 12.6
Dodging        | 2 3 4 5 6 7 |  7.0
Armour         | 3 4 5 7 8 10 12 13 | 13.0
Stealth        | 1 2 3 |  3.5

Action                   |  1- 3 |  4- 6 |  7- 9 | 10-12 || total
-------------------------+-------+-------+-------+-------++-------
Melee: Hand axe          |    29 |    33 |    28 |       ||    90
       War axe           |       |       |    48 |    83 ||   131
Invok: Berserk           |       |     1 |     3 |     3 ||     7
       Brothers in Arms  |       |       |     1 |       ||     1
  Eat: Chunk             |       |       |     2 |     2 ||     4
       Bread ration      |       |       |     1 |       ||     1
Armor: Animal skin       |     8 |       |       |       ||     8
       Plate armour      |       |    43 |    52 |    69 ||   164
Dodge: Dodged            |    33 |    27 |    37 |    43 ||   140
